 Dungeon Crawl Stone Soup version 0.30-a0-715-gdb4ae3ece1 (webtiles) character file.

Game seed: 16809396317023042086

23 Irreverend the Digger (level 2, -1/15 HPs)
             Began as a Gargoyle Earth Elementalist on Jan 25, 2023.
             Slain by Terence
             ... wielding a +0 mace
              (7 damage)
             ... on level 2 of the Dungeon.
             The game lasted 00:03:05 (1066 turns).

Irreverend the Digger (Gargoyle Earth Elementalist) Turns: 1066, Time: 00:03:05

Health: -1/15      AC:  4    Str: 11    XL:     2   Next: 95%
Magic:  4/5        EV: 12    Int: 15    God:
Gold:   53         SH:  0    Dex: 10    Spells: 4/5 levels left

rFire   . . .      SeeInvis .    (no weapon)
rCold   . . .      Faith    .    (no shield)
rNeg    + . .      Spirit   .    a - +0 robe
rPois   ∞          Reflect  .    (no helmet)
rElec   +          Harm     .    (no cloak)
rCorr   .          Rampage  .    (no gloves)
Will    .....                    (no boots)
Stlth   ++                       (no amulet)
HPRegen 0.22/turn                (no ring)
MPRegen 0.09/turn                (no ring)

@: no status effects
A: sickness immunity, AC +2, negative energy resistance 1, electricity
resistance, torment resistance 1, petrification resistance
a: no special abilities


You were on level 2 of the Dungeon.
You visited 1 branch of the dungeon, and saw 2 of its levels.

You collected 53 gold pieces.

Inventory:

Armour
 a - a +0 robe (worn)
Scrolls
 c - a scroll of butterflies {unknown}
 f - a scroll of teleportation {unknown}
 g - a scroll of amnesia {unknown}
 h - a scroll of identify {unknown}
Potions
 d - a potion of curing {unknown}
 e - a potion of flight {unknown}
 i - a potion of brilliance {unknown}


   Skills:
 - Level 1.7 Dodging
 - Level 2.4 Stealth
 + Level 2.3 Spellcasting
 + Level 1.3 Transmutations
 + Level 4.0 Earth Magic


You had 4 spell levels left.
You knew the following spells:

 Your Spells              Type           Power      Damage    Failure   Level
a - Sandblast             Erth           26%        2d8       4%          1

Your spell library contained the following spells:

 Spells                   Type           Power      Damage    Failure   Level
 Passwall                 Tmut/Erth      7%         N/A       11%         2
 Stone Arrow              Conj/Erth      14%        3d7       28%         3
 Petrify                  Tmut/Erth      9%         N/A       58%         4


Dungeon Overview and Level Annotations

Branches:
Dungeon (2/15)

Altars:

Annotations:
D:2 Terence


Innate Abilities, Weirdness & Mutations

You are immune to sickness and miasma.
Your stone body is resilient. (AC +2)
You are immune to poison.
You resist negative energy. (rN+)
You are resistant to electric shocks. (rElec)
You are resistant to unholy torment.
You are immune to petrification.


Message History

Press: ? - help, Shift-Dir - straight line, f - Terence
Aim: Terence, wielding a +0 mace and wearing a +4 ring mail of positive energy (84% to hit)
The blast of sand hits Terence but does no damage.
Casting: Sandblast (safe; 4% risk of failure)
Confirm with . or Enter, or press ? or * to list all spells.
Aiming: Sandblast (safe; 4% risk of failure)
Press: ? - help, Shift-Dir - straight line, f/p - Terence
Aim: Terence, wielding a +0 mace and wearing a +4 ring mail of positive energy (84% to hit)
The blast of sand hits Terence but does no damage.
Terence hits you with a +0 mace.
Casting: Sandblast (safe; 4% risk of failure)
Confirm with . or Enter, or press ? or * to list all spells.
Aiming: Sandblast (safe; 4% risk of failure)
Press: ? - help, Shift-Dir - straight line, f/p - Terence
Aim: Terence, wielding a +0 mace and wearing a +4 ring mail of positive energy (84% to hit)
The blast of sand misses Terence.
Terence closely misses you. x2
Casting: Sandblast (safe; 4% risk of failure)
Confirm with . or Enter, or press ? or * to list all spells.
Aiming: Sandblast (safe; 4% risk of failure)
Press: ? - help, Shift-Dir - straight line, f/p - Terence
Aim: Terence, wielding a +0 mace and wearing a +4 ring mail of positive energy (84% to hit)
The blast of sand hits Terence but does no damage.
Terence hits you with a +0 mace.
Casting: Sandblast (safe; 4% risk of failure)
Confirm with . or Enter, or press ? or * to list all spells.
Aiming: Sandblast (safe; 4% risk of failure)
Press: ? - help, Shift-Dir - straight line, f/p - Terence
Aim: Terence, wielding a +0 mace and wearing a +4 ring mail of positive energy (84% to hit)
The blast of sand hits Terence but does no damage.
Terence hits you with a +0 mace. x2
Magic courses through your body. Terence barely misses you.
Casting: Sandblast (safe; 4% risk of failure)
Confirm with . or Enter, or press ? or * to list all spells.
Aiming: Sandblast (safe; 4% risk of failure)
Press: ? - help, Shift-Dir - straight line, f/p - Terence
Aim: Terence, wielding a +0 mace and wearing a +4 ring mail of positive energy (84% to hit)
The blast of sand hits Terence.
Terence is lightly wounded.
Terence hits you with a +0 mace!
You die...

###...###
######.......#
##............####
.................#
##.######...####.#
##.# #...# #.#
...#######.## #.#
†..........# #.#
#####.####.#
#@######## .# #
#.# #.@)...... .#
#. #########. .#
.# .# .# .# ..


You could see Terence.

Vanquished Creatures
  2 ball pythons (D:2)
  5 bats
  A giant cockroach (D:2)
  A hobgoblin (D:1)
  4 jackals (D:2)
  2 quokkas (D:1)
  A goblin (D:1)
  4 rats (D:1)
20 creatures vanquished.

Notes
Turn   | Place    | Note
-------+----------+-------------------------------------------
     0 | D:1      | Irreverend the Gargoyle Earth Elementalist began the quest
                  | for the Orb.
     0 | D:1      | Reached XP level 1. HP: 10/10 MP: 3/3
   376 | D:1      | Reached skill level 1 in Transmutations
   376 | D:1      | Reached XP level 2. HP: 15/15 MP: 3/5
   952 | D:2      | Reached skill level 4 in Earth Magic
  1056 | D:2      | Noticed Terence
  1066 | D:2      | Slain by Terence

Illustrated notes

Levels and vault maps discovered:
D:1:      evilmike_arrival_fibonacci_small, layout_basic
D:2:      layout_loops_ring, hellmonk_ecumenical_altar_slurped_away,
          uniq_jessica, uniq_sigmund, uniq_terence

Skill      XL: |  1  2 |
---------------+-------+-----
Transmutations | 1 |  1.3
Earth Magic    | 4 |  4.0
Dodging        | |  1.7
Stealth        | |  2.4
Spellcasting   | |  2.3

Action                     || total
---------------------------++-------
   Cast: Sandblast         ||    35
    Use: Potion            ||     1
 Armour: Robe              ||     9
  Dodge: Dodged            ||    35

Table legend: (Time is in decaauts)
 A = Elapsed time spent in this place.
 B = Non-inter-level travel time spent in this place.
 C = Inter-level travel time spent in this place.
 D = Time resting spent in this place.
 E = Time spent auto-exploring this place.
 F = Levels seen in this place.
 G = Mean time per level.
                   A        B        C        D        E       F      G
               +--------+--------+--------+--------+--------+-----+--------+
         Total |   1082 |   1007 |     75 |     51 |    791 |   2 |  541.0 |
       Dungeon |   1082 |   1007 |     75 |     51 |    791 |   2 |  541.0 |
               +--------+--------+--------+--------+--------+-----+--------+

Top non-repeatable levels by time:
     D:1: 812 daAuts
     D:2: 270 daAuts
